 Dungeon Crawl Stone Soup version 0.20.0-10-g0535bb4 (webtiles) character file.

5483 mike2R the Destroyer (level 10, -21/83 HPs)
             Began as a Black Draconian Conjurer on June 3, 2017.
             Was a Believer of Ashenzari.
             Demolished by a minotaur
             ... wielding a +0 trident
              (33 damage)
             ... in a labyrinth.
             The game lasted 01:30:14 (11077 turns).

mike2R the Destroyer (Black Draconian Conjurer)    Turns: 11077, Time: 01:30:14

Health: -21/83     AC: 10    Str: 11    XL:     10   Next: 42%
Magic:  30/43      EV: 14    Int: 19    God:    Ashenzari [**....]
Gold:   260        SH:  0    Dex: 11    Spells: 3/21 levels left

rFire    + + .     SeeInvis .   b - staff of power (curse)
rCold    + . .     Gourm    .   (no shield)
rNeg     . . .     Faith    .   (armour unavailable)
rPois    +         Spirit   .   e - +0 hat {MR+}
rElec    +         Reflect  .   (no cloak)
rCorr    .         Harm     .   t - +2 pair of gloves
MR       +....                  (no boots)
Stlth    ++........             q - amulet "Puzaymyo" {RegenMP rPois rF+}
Regen    0.3/turn               I - ring of magical power (curse)
MPRegen  0.5/turn               u - ring of protection from cold (curse)

@: starving
A: breathe lightning, unfitting armour, stinger 1, blink, fire resistance 1,
screaming 1, electricity resistance, cold-blooded, AC +7
a: Breathe Lightning, Blink, Curse Item, Scrying, Renounce Religion


You were in a labyrinth.
You worshipped Ashenzari.
Ashenzari was pleased with you.
You were starving.

You visited 3 branches of the dungeon, and saw 10 of its levels.
You also visited: Labyrinth and Sewer.

You collected 498 gold pieces.
You spent 238 gold pieces at shops.

Inventory:

Hand Weapons
 a - the +7 quarterstaff "Seziw" {venom, MP+9 Str+4}
   (You found it on level 6 of the Dungeon)

   It poisons the flesh of those it strikes.
   It affects your strength (+4).
   It affects your magic capacity (+9).
Missiles
 k - 9 tomahawks (quivered)
Armour
 e - a +0 hat of magic resistance (worn)
 t - a +2 pair of gloves (worn)
Magical Staves
 b - a cursed staff of power (weapon)
Jewellery
 q - the amulet "Puzaymyo" (around neck) {RegenMP rPois rF+}
   (You found it on level 7 of the Dungeon)

   [amulet of magic regeneration]

   It increases your magic regeneration.
   It protects you from fire.
   It protects you from poison.
 s - an uncursed ring of flight
 u - a cursed ring of protection from cold (right hand)
 I - a cursed ring of magical power (left hand)
Wands
 z - a wand of digging (14/24)
 R - a wand of lightning (3/15)
 T - a wand of flame (29/48)
 U - a wand of polymorph (19/24)
Scrolls
 f - a scroll of identify
 h - a scroll of fog
 i - 2 scrolls of recharging
 y - 2 scrolls of immolation
 A - 4 scrolls of magic mapping
 D - 2 scrolls of teleportation
Potions
 c - a potion of haste
 d - 2 potions of magic
 g - 3 potions of heal wounds
 l - a potion of might
 m - a potion of agility
 r - 5 potions of curing
 v - 2 potions of flight
 w - 3 potions of lignification
 J - a potion of resistance
Comestibles
 o - 3 meat rations
 p - 6 bread rations
 H - 3 royal jellies
 K - 26 fruits


   Skills:
 - Level 6.0 Fighting
 - Level 5.8 Dodging
 - Level 1.7 Stealth
 - Level 6.0(8.3) Spellcasting
 - Level 11.3(12.6) Conjurations
 + Level 4.1(5.5) Evocations


You had 3 spell levels left.
You knew the following spells:

 Your Spells              Type           Power        Failure   Level  Hunger
a - Magic Dart            Conj           ####         1%          1    None
b - Searing Ray           Conj           ######       1%          2    None
c - Dazzling Spray        Conj/Hex       ####..       1%          3    None
d - Iskenderun's Mystic   Conj           ######..     1%          4    ###....
e - Force Lance           Conj/Tloc      ####....     6%          4    ###....
f - Fulminant Prism       Conj/Hex       ####......   6%          4    ###....


Dungeon Overview and Level Annotations

Branches:
Dungeon (8/15)             Temple (1/1) D:5            Lair (1/6) D:8

Altars:
Ashenzari
Cheibriados
Dithmenos
Elyvilon
Fedhas
Gozag
Hepliaklqana
Kikubaaqudgha
Makhleb
Nemelex Xobeh
Okawaru
Qazlal
Ru
Sif Muna
Trog
Uskayaw
Vehumet
Xom
Yredelemnul
Zin
The Shining One

Shops:
D:4 }   D:8 ?


Innate Abilities, Weirdness & Mutations

You can breathe wild blasts of lightning.
Your glossy black scales are hard. (AC +7)
You cannot fit into any form of body armour.
You are resistant to electric shocks. (rElec)
You are cold-blooded and may be slowed by cold attacks.
Your tail ends in a poisonous barb.
You can translocate small distances at will.
Your flesh is heat resistant. (rF+)
You occasionally shout uncontrollably at your foes.


Message History

You hear a loud crackle.
Casting: Fulminant Prism
Confirm with . or Enter, or press ? or * to list all spells.
Aiming: Force Lance
Press: ? - help, Shift-Dir - straight line, f - minotaur
Aim: a minotaur, wielding a trident, wearing a plate armour of fire resistance, wearing a runed sapphire ring and carrying a hand crossbow of freezing (lightly wounded)
The lance of force hits the minotaur.
The minotaur is lightly wounded.
The minotaur hits you from afar with a trident!!
* * * LOW HITPOINT WARNING * * *
You hear an explosion!
The blast of energy engulfs the minotaur.
The minotaur is moderately wounded.
Casting: Force Lance
Confirm with . or Enter, or press ? or * to list all spells.
Okay, then.
You blink.
You are starving!
The minotaur hits you with a trident!!
You die...

, *,#..# ....
, *
#..###'###.##
, #........ .
# ###
#.#**.#,###.#
,,
#.#,#.#...#.#
, , , ,*
#.###.#.#####
* *, #.....#.
* #.#### .#**
, #@#, ... *
#H# *### * ,
,, #.#,, , ,*
*** #ยง# *
,#.....# *, *
*,#######, *
, *, , , , ,
*, ** * ** *
, , , , , * *


You could see a minotaur.

Vanquished Creatures
  The ghost of mike2R the Skirmisher, a novice DEWz of Yredelemnul (D:7)
  Pikel (D:4)
  An oklob plant (Lair:1)
  3 porcupines (D:8)
  A water moccasin (D:7)
  3 orc warriors
  An ice beast (D:6)
  A black bear (D:8)
  3 ogres
  2 centaurs
  A phantom (D:4)
  A crocodile (Lair:1)
  2 big kobolds
  9 bullfrogs
  A wyvern zombie (D:7)
  3 scorpions
  4 wights (D:8)
  4 killer bees
  A howler monkey (D:4)
  4 crimson imps
  A bullfrog zombie (D:5)
  A centaur zombie (D:8)
  10 orc priests
  6 hounds
  2 iguanas (D:5)
  6 worker ants
  4 orc wizards
  2 hell rats (D:7)
  A hound skeleton (D:8)
  Robin (D:2)
  15 adders
  9 gnolls
  8 river rats
  A shadow imp (D:8)
  3 oozes
  An adder skeleton (D:4)
  An adder zombie (D:8)
  2 worms
  A dart slug (D:2)
  6 leopard geckos
  20 orcs
  3 giant cockroaches
  19 goblins
  8 hobgoblins
  15 jackals
  12 kobolds
  9 quokkas
  A ball python (D:1)
  9 bats
  4 frilled lizards
  A jackal zombie (D:8)
  2 leopard gecko skeletons
  24 rats
  A fulminant prism (D:7)
256 creatures vanquished.

Vanquished Creatures (others)
  2 slaves (D:4)
  An orc priest (D:4)
  A worker ant (D:4)
  5 orcs (D:4)
  27 fulminant prisms
  2 plants (Lair:1)
38 creatures vanquished.

Grand Total: 294 creatures vanquished

Notes
Turn   | Place    | Note
-------+----------+-------------------------------------------
     0 | D:1      | mike2R the Draconian Conjurer began the quest for the Orb.
     0 | D:1      | Reached XP level 1. HP: 14/14 MP: 3/3
   238 | D:1      | Reached XP level 2. HP: 20/20 MP: 1/5
   242 | D:1      | Learned a level 2 spell: Searing Ray
  1050 | D:2      | Reached XP level 3. HP: 22/26 MP: 0/6
  1110 | D:2      | Learned a level 3 spell: Dazzling Spray
  1366 | D:2      | Reached skill level 5 in Conjurations
  1412 | D:2      | Noticed Robin
  1440 | D:2      | Killed Robin
  1440 | D:2      | Reached XP level 4. HP: 9/33 MP: 2/8
  2618 | D:3      | Reached XP level 5. HP: 38/38 MP: 3/10
  2853 | D:3      | Learned a level 4 spell: Iskenderun's Mystic Blast
  3207 | D:3      | Reached skill level 6 in Conjurations
  3683 | D:4      | Reached XP level 6. HP: 45/45 MP: 8/12
  4140 | D:4      | Gained mutation: Your spells are a little harder to cast, but a little more powerful. [potion of mutation]
  4140 | D:4      | Gained mutation: You do not regenerate when monsters are visible. [potion of mutation]
  4140 | D:4      | Gained mutation: You are robust. (+10% HP) [potion of mutation]
  4163 | D:4      | Lost mutation: Your spells are a little harder to cast, but a little more powerful. [potion of mutation]
  4163 | D:4      | Lost mutation: You are robust. (+10% HP) [potion of mutation]
  4163 | D:4      | Lost mutation: You do not regenerate when monsters are visible. [potion of mutation]
  4163 | D:4      | Gained mutation: Your magical capacity is low. (-10% MP) [potion of mutation]
  4163 | D:4      | Gained mutation: You occasionally shout uncontrollably at your foes. [potion of mutation]
  4163 | D:4      | Gained mutation: Your tail ends in a poisonous barb. [potion of mutation]
  4163 | D:4      | Gained mutation: You can translocate small distances at will. [potion of mutation]
  4176 | D:4      | Noticed a slave
  4177 | D:4      | Noticed a slave
  4183 | D:4      | Noticed Pikel
  4197 | D:4      | Killed Pikel
  4197 | D:4      | Reached skill level 5 in Spellcasting
  4197 | D:4      | Reached skill level 7 in Conjurations
  4197 | D:4      | Your scales start taking on a glossy black colour.
  4197 | D:4      | Reached XP level 7. HP: 9/50 MP: 0/13
  4197 | D:4      | Gained mutation: You are resistant to electric shocks. (rElec) [Black Draconian growth]
  4564 | D:4      | Learned a level 4 spell: Force Lance
  4569 | D:4      | Learned a level 4 spell: Fulminant Prism
  4809 | D:4      | Found a burning altar of Makhleb.
  4811 | D:4      | Found a sacrificial altar of Ru.
  4815 | D:4      | Found a shadowy altar of Dithmenos.
  4817 | D:4      | Found a glowing golden altar of the Shining One.
  4820 | D:4      | Found a basalt altar of Yredelemnul.
  4941 | D:4      | Found Denuesupn's Gadget Shoppe.
  4972 | D:5      | Entered Level 5 of the Dungeon
  4983 | D:5      | Reached XP level 8. HP: 55/57 MP: 13/15
  5033 | D:5      | Reached skill level 8 in Conjurations
  5693 | D:5      | Lost mutation: Your magical capacity is low. (-10% MP) [potion of mutation]
  5693 | D:5      | Lost mutation: Your tail ends in a poisonous barb. [potion of mutation]
  5693 | D:5      | Gained mutation: Your tail ends in a poisonous barb. [potion of mutation]
  5693 | D:5      | Gained mutation: Your flesh is heat resistant. (rF+) [potion of mutation]
  5792 | D:5      | Found a staircase to the Ecumenical Temple.
  5801 | Temple   | Entered the Ecumenical Temple
  5832 | Temple   | Became a worshipper of Ashenzari the Shackled
  6395 | D:6      | Reached skill level 9 in Conjurations
  6406 | D:6      | Found an iron altar of Okawaru.
  6459 | D:6      | Got the quarterstaff "Seziw" {venom, MP+9 Str+4}
  6460 | D:6      | Identified the +7 quarterstaff "Seziw" {venom, MP+9 Str+4} (You found it on level 6 of the Dungeon)
  6807 | D:6      | Found a glowing drain.
  6827 | Sewer    | Entered a sewer
  7020 | Sewer    | Found a white marble altar of Elyvilon.
  7086 | D:6      | Reached skill level 10 in Conjurations
  7332 | D:6      | Reached XP level 9. HP: 62/62 MP: 18/18
  7606 | D:6      | Reached skill level 1 in Fighting
  7827 | D:7      | Noticed mike2R's ghost (novice DEWz)
  7835 | D:7      | Killed mike2R's ghost
  7835 | D:7      | Reached skill level 5 in Fighting
  8016 | D:7      | Reached * piety under Ashenzari
  8016 | D:7      | Found a hazy altar of Hepliaklqana.
  8016 | D:7      | Identified the amulet "Puzaymyo" {RegenMP rPois rF+}
  8231 | D:7      | Found a bloodstained altar of Trog.
  9020 | D:7      | Found a sparkling altar of Nemelex Xobeh.
  9096 | D:7      | Reached skill level 5 in Dodging
  9358 | D:8      | Found Dira's Magic Scroll Shoppe.
  9406 | D:8      | Bought a scroll of amnesia for 49 gold pieces
  9406 | D:8      | Bought a scroll of remove curse for 42 gold pieces
  9406 | D:8      | Bought a scroll of remove curse for 42 gold pieces
  9406 | D:8      | Bought a scroll of enchant weapon for 105 gold pieces
  9463 | D:8      | Reached XP level 10. HP: 77/83 MP: 19/19
  9912 | D:8      | Reached skill level 11 in Conjurations
  9919 | D:8      | Found a staircase to the Lair.
 10068 | D:8      | Reached skill level 1 in Evocations
 10126 | D:8      | Found a radiant altar of Vehumet.
 10601 | Lair:1   | Entered Level 1 of the Lair of Beasts
 10607 | Lair:1   | Found a labyrinth entrance.
 10647 | Lair:1   | Noticed an oklob plant
 10685 | Lair:1   | Killed an oklob plant
 10781 | Lab      | Entered a labyrinth
 10793 | Lab      | Reached ** piety under Ashenzari
 10889 | Lab      | Found an exit through the horrors of the Abyss.
 11058 | Lab      | Noticed a minotaur
 11077 | Lab      | Demolished by a minotaur

Skill      XL: |  1  2  3  4  5  6  7  8  9 10 |
---------------+-------------------------------+-----
Conjurations   | 5 6 7 10 11 | 11.3
Spellcasting   | 3 4 5 6 |  6.0
Fighting       | 6 |  6.0
Dodging        | 5 |  5.8
Evocations     | 4 |  4.1
Stealth        | |  1.7

Action                   |  1- 3 |  4- 6 |  7- 9 | 10-12 || total
-------------------------+-------+-------+-------+-------++-------
Melee: Club              |    21 |     1 |       |       ||    22
       Tailslap          |     4 |     7 |    11 |     1 ||    23
       Dagger            |       |    63 |    15 |       ||    78
       Whip              |       |       |    54 |       ||    54
       Rapier            |       |       |     4 |       ||     4
       Quarterstaff      |       |       |    42 |       ||    42
       Staff             |       |       |       |    26 ||    26
Throw: Stone             |     1 |       |       |       ||     1
       Tomahawk          |       |       |     2 |       ||     2
 Cast: Magic Dart        |    62 |    90 |   181 |    21 ||   354
       Searing Ray       |     1 |     9 |    34 |    14 ||    58
       Dazzling Spray    |     1 |     5 |    10 |       ||    16
       Fulminant Prism   |       |       |    21 |     7 ||    28
       Force Lance       |       |       |     3 |     2 ||     5
       Iskenderun's Myst |       |       |     7 |     5 ||    12
Invok: Curse Item        |       |       |     3 |     1 ||     4
 Abil: Blink             |       |     1 |     3 |     4 ||     8
       Breathe Lightning |       |       |     2 |       ||     2
Evoke: Wand              |       |       |       |     3 ||     3
  Use: Potion            |       |     5 |     5 |       ||    10
       Scroll            |       |     4 |    12 |       ||    16
 Stab: Invisible         |       |       |     2 |       ||     2
       Sleeping          |       |       |     1 |       ||     1
  Eat: Chunk             |     2 |     9 |    22 |     5 ||    38
       Fruit             |       |       |       |     1 ||     1
Armor: Skin              |    12 |    24 |    60 |    10 ||   106
Dodge: Dodged            |    17 |    29 |   151 |    38 ||   235
